 Dungeon Crawl Stone Soup version 0.28-a0-1435-g82390b3a13 (webtiles) character file.

Game seed: 11205594801422533244

183065 bearlyready the Timeless (level 17, -58/172 HPs)
             Began as a Gnoll Summoner on Jan 9, 2022.
             Was a High Priest of Cheibriados.
             Annihilated by a titanic slime creature (82 damage)
             ... summoned by an orange crystal statue
             ... in an ice cave.
             The game lasted 01:19:13 (38387 turns).

bearlyready the Timeless (Gnoll Summoner)          Turns: 38387, Time: 01:19:14

Health: -58/172    AC: 38    Str: 19      XL:     17   Next: 98%
Magic:  4/43       EV: 27    Int: 22 (25) God:    Cheibriados [*****.]
Gold:   1637       SH: 15    Dex: 32      Spells: 21/42 levels left

rFire   + . .      SeeInvis .   b - +7 morningstar of Demonkind {venom, rElec rN+ Int-3}
rCold   + . .      Faith    .   D - +1 buckler {AC+3}
rNeg    + + .      Spirit   .   (armour currently unavailable)
rPois   ∞          Reflect  +   K - +2 helmet
rElec   +          Harm     .   (no cloak)
rCorr   .          Rampage  .   (gloves currently unavailable)
Will    ++...                   (boots currently unavailable)
Stlth   ++++++....              H - amulet of reflection
HPRegen 0.38/turn               m - +4 ring of protection
MPRegen 0.28/turn               h - ring "Ledghito" {rF+ rC+ Will+ MP+9 Slay+4}

@: statue-form, very slow
A: slow and powerful, torment resistance 1, boosted hp, fangs 1, strong nose,
distributed training
}: 1/15 runes: decaying
a: End Transformation, Renounce Religion, Bend Time, Temporal Distortion,
Slouch, Step From Time


You were in an ice cave.
You worshipped Cheibriados.
Cheibriados was extremely pleased with you.
You were a living statue of rough stone.
You visited 5 branches of the dungeon, and saw 29 of its levels.
You also visited: Ice Cave.

You collected 2734 gold pieces.
You spent 1097 gold pieces at shops.

Inventory:

Hand Weapons
 b - the +7 morningstar of Demonkind (weapon) {venom, rElec rN+ Int-3}
   (You found it on level 5 of the Lair of Beasts)

   It poisons the flesh of those it strikes.
   Int:       It affects your intelligence (-3).
   rElec:     It insulates you from electricity.
   rN:        It protects you from negative energy.
 w - the +4 war axe of Koxo {vorpal, rF+ rC+ SInv}
   (You found it on level 5 of the Dungeon)

   It inflicts extra damage upon your enemies.
   rF:        It protects you from fire.
   rC:        It protects you from cold.
   SInv:      It lets you see invisible.
Missiles
 n - 150 bolts
 p - 5 javelins
 r - 8 silver boomerangs
 t - 31 boomerangs
 v - 3 boomerangs of dispersal
 M - 9 curare-tipped darts
 P - 4 poisoned darts
 V - 3 silver javelins (quivered)
Armour
 a - a +0 kite shield of poison resistance
 g - the +0 pair of boots "Pyficugh" (melded) {rN+ Dex+3}
   (You acquired it on level 13 of the Dungeon)

   Dex:       It affects your dexterity (+3).
   rN:        It protects you from negative energy.
 u - a +0 pair of gloves (melded)
 D - a +1 buckler of protection (worn)
 K - a +2 helmet (worn)
 W - the +5 ring mail "Kaqonk" (melded) {rElec rF++ Str+3}
   (You found it on level 4 of the Lair of Beasts)

   Str:       It affects your strength (+3).
   rF:        It greatly protects you from fire.
   rElec:     It insulates you from electricity.
Jewellery
 h - the ring "Ledghito" (right fist) {rF+ rC+ Will+ MP+9 Slay+4}
   (You found it on level 5 of the Dungeon)

   [ring of slaying]

   Slay:      It affects your accuracy & damage with ranged weapons and melee
   (+4).
   rF:        It protects you from fire.
   rC:        It protects you from cold.
   MP:        It affects your magic capacity (+9).
   Will:      It increases your willpower.
 m - a +4 ring of protection (left fist)
 H - an amulet of reflection (around neck)
Wands
 c - a wand of digging (14)
 f - a wand of acid (15)
 I - a wand of iceblast (8)
 N - a wand of polymorph (10)
 O - a wand of flame (70)
 S - a wand of paralysis (15)
 Z - a wand of charming (4)
Scrolls
 e - 3 scrolls of fear
 l - 5 scrolls of magic mapping
 o - 3 scrolls of holy word
 q - 2 scrolls of brand weapon
 y - 11 scrolls of teleportation
 J - 3 scrolls of blinking
 L - a scroll of fog
 R - 2 scrolls of enchant weapon
 T - 2 scrolls of immolation
 X - 3 scrolls of enchant armour
Potions
 i - a potion of ambrosia
 k - 5 potions of might
 s - 2 potions of brilliance
 x - 4 potions of magic
 z - 2 potions of cancellation
 A - a potion of resistance
 B - 7 potions of curing
 C - 6 potions of lignification
 E - 6 potions of heal wounds
 F - 2 potions of invisibility
 G - 7 potions of attraction
 Q - a potion of berserk rage
 U - 5 potions of flight
 Y - 5 potions of mutation
Miscellaneous
 j - a phial of floods


   Skills:
 + Level 12.0 Fighting
 + Level 12.0 Short Blades
 + Level 12.0 Long Blades
 + Level 12.0 Axes
 + Level 12.0 Maces & Flails
 + Level 12.0 Polearms
 + Level 12.0 Staves
 + Level 12.0 Slings
 + Level 12.0 Bows
 + Level 12.0 Crossbows
 + Level 12.0 Throwing
 + Level 12.0 Armour
 + Level 12.8 Dodging
 + Level 12.7 Stealth
 + Level 12.0 Shields
 + Level 12.0 Unarmed Combat
 + Level 13.0 Spellcasting
 + Level 10.2 Conjurations
 + Level 10.2 Hexes
 + Level 12.3 Summonings
 + Level 10.2 Necromancy
 + Level 10.2 Translocations
 + Level 10.2 Transmutations
 + Level 10.2 Fire Magic
 + Level 10.2 Ice Magic
 + Level 10.2 Air Magic
 + Level 10.2 Earth Magic
 + Level 10.2 Poison Magic
 + Level 13.1 Invocations
 + Level 12.0 Evocations


You had 21 spell levels left.
You knew the following spells:

 Your Spells              Type           Power      Damage    Failure   Level
a - Summon Small Mammal   Summ           100%       N/A       1%          1
b - Call Imp              Summ           62%        N/A       1%          2
c - Call Canine Familiar  Summ           62%        N/A       1%          3
d - Summon Guardian Gole  Hex/Summ       59%        N/A       1%          3
e - Summon Lightning Spi  Summ/Air       59%        N/A       1%          4
f - Statue Form           Tmut/Erth      37%        N/A       12%         6
g - Wereblood             Tmut           56%        N/A       1%          2

Your spell library contained the following spells:

 Spells                   Type           Power      Damage    Failure   Level
 Beastly Appendage        Tmut           100%       N/A       1%          1
 Magic Dart               Conj           100%       1d8       1%          1
 Corpse Rot               Necr/Air       100%       N/A       1%          2
 Poisonous Vapours        Pois/Air       100%       N/A       1%          2
 Static Discharge         Conj/Air       56%        N/A       1%          2
 Gell's Gravitas          Tloc           56%        N/A       1%          3
 Ignite Poison            Fire/Tmut/Pois 56%        N/A       1%          3
 Inner Flame              Hex/Fire       56%        N/A       1%          3
 Mephitic Cloud           Conj/Pois/Air  56%        N/A       1%          3
 Ozocubu's Armour         Ice            56%        N/A       1%          3
 Spider Form              Tmut/Pois      56%        N/A       1%          3
 Teleport Other           Tloc           56%        N/A       1%          3
 Cause Fear               Hex            28%        N/A       1%          4
 Lightning Bolt           Conj/Air       28%        1d44      2%          5
 Yara's Violent Unravell  Hex/Tmut       28%        3d12      2%          5
 Dispersal                Tloc           28%        N/A       12%         6
 Discord                  Hex            28%        N/A       99%         8
 Maxwell's Capacitive Co  Air            28%        ∞         99%         8


Dungeon Overview and Level Annotations

Branches:
Dungeon (15/15)            Temple (0/1) D:7            Lair (6/6) D:8
  Swamp (4/4) Lair:4       Spider (2/4) Lair:3        Slime (0/5) Lair:6
    Orc (2/2) D:11            Elf (0/3) Orc:2        Vaults (0/5) D:14
 Depths (0/4) D:15          IceCv (1/1)

Altars:
Ashenzari
Cheibriados
Elyvilon
Fedhas
Gozag
Makhleb
Nemelex Xobeh
Okawaru
Qazlal
Ru
Sif Muna
Vehumet
Wu Jian
Yredelemnul
The Shining One
Beogh
Jiyva

Shops:
D:2 [   D:6 [   D:7 :   D:10 =   Orc:2 ![=*

Annotations:
Swamp:4 Roxanne IceCv exclusion: orange crystal statue


Innate Abilities, Weirdness & Mutations

You are a living statue of rough stone.
Your actions are slow, but your melee attacks are powerful.
You are resistant to unholy torment.
Your maximum health is greatly increased.
You are immune to poison.
Your equipment is partially melded.
You have very sharp teeth.
Your uncanny sense of smell can sniff out nearby items.
Your experience applies equally to all skills.


Message History

The large slime creature hits you but does no damage.
A large slime creature splits.
You block the large slime creature's attack.
The slime creature hits you. The titanic slime creature hits you!!!!
Ouch! That really hurt!
* * * LOW HITPOINT WARNING * * *
Activating: Slouch (1% risk of failure)
Press: ? - help, Dir - look around, f - activate You can feel time thicken for a moment.
You kill the slime creature!
The slime creature dissolves into shadows!
Cheibriados lowers the support of your attributes as your movement quickens.
The orange crystal statue glitters.
You easily resist.
A large slime creature splits.
You block the slime creature's attack.
You block the titanic slime creature's attack.
Activating: Slouch (1% risk of failure)
Press: ? - help, Dir - look around, f - activate You can feel time thicken for a moment.
You kill the slime creature!
The slime creature dissolves into shadows!
You kill the slime creature!
The slime creature dissolves into shadows!
You kill the slime creature!
The slime creature dissolves into shadows!
Cheibriados lowers the support of your attributes as your movement quickens.
The orange crystal statue fixes its piercing gaze on you.
You feel your power leaking away. The titanic slime creature misses you.
The orange crystal statue fixes its piercing gaze on you.
You feel dopey. Something feeds on your intellect!
You block the titanic slime creature's attack.
Activating: Slouch (1% risk of failure)
Press: ? - help, Dir - look around, f - activate You can feel time thicken for a moment.
Cheibriados lowers the support of your attributes as your movement quickens.
The orange crystal statue glitters.
The titanic slime creature hits you!!!!
You die...

####...####
#.........####
.....#####.....###
...## ####....## ##
###...#### ##.....##
###### ∆∆##.....#
####Z...###∆∆ ###....
#..J8J....### ##.....
#..°8###.....###......
#...J##
###...........# ....
#.........### ...
########### #. #


You could see an azure jelly (summoned), an orange crystal statue, a titanic
slime creature (summoned), a quicksilver ooze (summoned) and a very ugly thing
simulacrum (summoned).

Vanquished Creatures
  Saint Roka (Orc:2)
  Nikola (Swamp:2)
  A bone dragon (Swamp:4)
  Jorgrun (Orc:1)
  A thorn hunter (Swamp:4)
  A fenstrider witch (Swamp:3)
  An orc warlord (Orc:1)
  4 eleionomae
  8 bunyips
  A dire elephant (D:15)
  Harold (D:11)
  7 ghost crabs
  7 hydras
  A boulder beetle (D:12)
  A centaur warrior (D:14)
  2 catoblepae
  An ogre mage (Orc:2)
  3 two-headed ogres
  5 death yaks
  4 alligators
  3 tengu warriors
  6 orc high priests (Orc:2)
  A spriggan berserker (Swamp:2)
  Urug (Lair:5)
  A skeletal warrior (D:10)
  2 goliath frogs
  4 spriggan druids
  6 bog bodies
  3 swamp dragons
  A steelbarb worm (Lair:3)
  An orange crystal statue (IceCv)
  A wizard (D:15)
  3 deep elf pyromancers (D:13)
  Pikel (D:9)
  4 wolf spiders
  4 orc knights (Orc:2)
  6 orc sorcerers (Orc:2)
  2 ugly things
  2 manticores
  2 will-o-the-wisps
  A cyclops (D:15)
  A moth of wrath (Spider:1)
  A salamander (D:15)
  6 black mambas
  14 elephants
  2 guardian serpents (D:13)
  A torpor snail (Lair:3)
  7 cane toads
  2 kobold demonologists (D:13)
  4 komodo dragons
  2 demonic crawlers
  2 tengu conjurers
  3 swamp worm zombies (Swamp:4)
  An entropy weaver simulacrum (IceCv)
  A very ugly thing simulacrum (IceCv)
  8 trolls
  2 meliai (Spider:1)
  9 tyrant leeches
  10 polar bears
  9 hornets
  5 spectral swamp dragons (Swamp:4)
  2 raiju (Lair:6)
  A blink frog (shapeshifter) (D:14)
  5 slime creatures (D:15)
  6 tarantellas (Spider:1)
  24 blink frogs
  11 jumping spiders
  3 alligator zombies (Swamp:4)
  A vampire (D:11)
  2 culicivoras
  A wyvern (D:9)
  7 spriggans
  3 wraiths
  A jumping spider (shapeshifter) (D:14)
  Eustachio (D:4)
  25 yaks
  3 steam dragons
  13 redbacks
  9 basilisks
  12 vampire mosquitoes
  11 swamp worms
  7 wargs
  Duvessa (D:5)
  14 water moccasins
  3 acid dragons
  15 hell hounds (Lair:6)
  4 demonic crawler simulacra (IceCv)
  A floating eye (shapeshifter) (D:14)
  2 swamp drakes
  An ugly thing simulacrum (IceCv)
  A black bear (shapeshifter) (D:15)
  45 orc warriors
  4 swamp dragon zombies (Swamp:4)
  12 black bears
  13 ogres
  18 wolves
  3 boggarts (D:15)
  5 centaurs
  2 phantoms (Swamp:4)
  2 kobold brigands
  13 bullfrogs
  Blork the orc (D:5)
  A wyvern zombie (D:5)
  A scorpion (D:7)
  2 gnoll sergeants
  Dowan (D:5)
  4 killer bees
  A water moccasin skeleton (D:5)
  A vampire bat (D:3)
  3 wights
  4 howler monkeys
  28 orc priests
  A gnoll shaman (D:7)
  2 hounds (D:4)
  3 jellies
  A centaur skeleton (D:6)
  6 iguanas
  24 orc wizards
  2 spectral swamp drakes (Swamp:4)
  6 adders
  7 gnolls
  2 white imps
  2 adder skeletons
  2 worms
  5 dart slugs
  83 orcs
  4 endoplasms
  3 giant cockroaches (D:3)
  5 goblins
  5 hobgoblins
  2 quokkas
  4 ball pythons
  7 bats (D:3)
  A frilled lizard (D:3)
  12 kobolds
  4 rats
744 creatures vanquished.

Vanquished Creatures (collateral kills)
  An orc warlord (Orc:2)
  Louise (Swamp:4)
  Nessos (D:12)
  An entropy weaver (Spider:1)
  A bunyip (Swamp:4)
  A fire dragon (Lair:6)
  Erolcha (D:9)
  6 hydras
  A death knight (D:15)
  A centaur warrior (D:15)
  4 two-headed ogres
  2 death yaks (Lair:6)
  An alligator (Swamp:2)
  2 spriggans
  Nergalle (Lair:2)
  A skeletal warrior (D:11)
  An orb spider (Spider:1)
  2 spriggan druids (Swamp:3)
  4 ugly things
  5 elephants
  A cyclops (D:15)
  3 cane toads
  A gargoyle (D:10)
  A demonic crawler (Lair:4)
  3 komodo dragons
  A bloated husk (Swamp:2)
  A troll (Orc:2)
  A hydra zombie (Swamp:4)
  A meliai (Spider:1)
  A hornet (Swamp:3)
  2 slime creatures (D:15)
  Grinder (D:4)
  7 blink frogs
  A wraith (D:9)
  17 yaks
  A human (D:3)
  2 steam dragons
  A redback (Spider:1)
  2 vampire mosquitoes (Lair:4)
  2 swamp worms (Lair:4)
  2 acid dragons
  A warg (Orc:2)
  5 water moccasins
  A necrophage (D:6)
  4 orc warriors
  2 ogres (D:4)
  A boggart (D:15)
  2 centaurs
  A wolf (Lair:2)
  3 kobold brigands
  4 bullfrogs
  3 killer bees
  3 wights
  A centaur zombie (D:9)
  3 jellies
  A human zombie (D:3)
  7 orc priests
  3 hounds
  An iguana (Lair:6)
  5 orc wizards
  A howler monkey zombie (D:6)
  7 gnolls
  4 adders
  2 ufetubi (D:6)
  A worm (D:2)
  2 dart slugs
  19 orcs
  3 endoplasms
  2 giant cockroaches
  A goblin (D:1)
  4 hobgoblins
  3 kobolds
  A quokka (D:4)
  3 ball pythons
  4 bats
  2 frilled lizards
  A rat (D:2)
201 creatures vanquished.

Vanquished Creatures (others)
  Rupert (D:14)
  A hydra (Lair:3)
  A ghost crab (Swamp:2)
  An alligator (Swamp:3)
  A death yak (Lair:6)
  A spriggan berserker (Swamp:2)
  2 skeletal warriors (D:11)
  A spectral hydra (Swamp:4)
  A will-o-the-wisp (Swamp:3)
  2 ugly things (D:15)
  A moth of wrath (Lair:4)
  4 elephants
  A cane toad (Lair:6)
  An unseen horror (D:10)
  A kobold demonologist (D:13)
  A hydra zombie (Swamp:4)
  A troll (D:10)
  6 bloated husks
  4 spriggans
  19 yaks
  2 basilisks
  10 vampire mosquitoes
  3 swamp worms
  A water moccasin (Lair:6)
  2 ice beasts
  An orc warrior (D:8)
  A swamp dragon zombie (Swamp:4)
  An ogre (D:3)
  2 phantoms (Swamp:4)
  A bullfrog (Lair:2)
  2 hounds
  An orc priest (D:8)
  An orc wizard (Orc:2)
  An orc (D:9)
  A goblin (D:3)
  A bush (D:8)
  11 foxfires
  42 fungi
  115 plants
250 creatures vanquished.

Grand Total: 1195 creatures vanquished

Notes
Turn   | Place    | Note
-------+----------+-------------------------------------------
     0 | D:1      | bearlyready the Gnoll Summoner began the quest for the Orb.
     0 | D:1      | Reached XP level 1. HP: 13/13 MP: 6/6
    25 | D:1      | Found a faded altar of an unknown god.
   194 | D:1      | Reached XP level 2. HP: 19/19 MP: 7/7
  1036 | D:2      | Found Getuebuisi's Antique Armour Boutique.
  1042 | D:2      | Reached XP level 3. HP: 22/25 MP: 6/9
  1047 | D:2      | Reached skill level 5 in Spellcasting
  1058 | D:2      | Learned a level 2 spell: Call Imp
  1062 | D:2      | Learned a level 3 spell: Call Canine Familiar
  1066 | D:2      | Learned a level 3 spell: Summon Guardian Golem
  1147 | D:2      | Reached skill level 1 in Invocations
  1404 | D:2      | Found a blossoming altar of Fedhas.
  1682 | D:2      | Reached skill level 1 in Fighting
  1682 | D:2      | Reached skill level 1 in Short Blades
  1682 | D:2      | Reached skill level 1 in Long Blades
  1682 | D:2      | Reached skill level 1 in Axes
  1682 | D:2      | Reached skill level 1 in Maces & Flails
  1682 | D:2      | Reached skill level 1 in Polearms
  1682 | D:2      | Reached skill level 1 in Staves
  1682 | D:2      | Reached skill level 1 in Slings
  1682 | D:2      | Reached skill level 1 in Bows
  1682 | D:2      | Reached skill level 1 in Crossbows
  1682 | D:2      | Reached skill level 1 in Throwing
  1682 | D:2      | Reached skill level 1 in Armour
  1682 | D:2      | Reached skill level 1 in Shields
  1682 | D:2      | Reached skill level 1 in Unarmed Combat
  1682 | D:2      | Reached skill level 1 in Evocations
  1686 | D:2      | Reached XP level 4. HP: 29/32 MP: 4/11
  2361 | D:2      | You fall into a shaft and drop 2 floors!
  2382 | D:4      | Reached skill level 1 in Conjurations
  2382 | D:4      | Reached skill level 1 in Hexes
  2382 | D:4      | Reached skill level 1 in Necromancy
  2382 | D:4      | Reached skill level 1 in Translocations
  2382 | D:4      | Reached skill level 1 in Transmutations
  2382 | D:4      | Reached skill level 1 in Fire Magic
  2382 | D:4      | Reached skill level 1 in Ice Magic
  2382 | D:4      | Reached skill level 1 in Air Magic
  2382 | D:4      | Reached skill level 1 in Earth Magic
  2382 | D:4      | Reached skill level 1 in Poison Magic
  2385 | D:4      | Reached XP level 5. HP: 3/37 MP: 5/12
  2475 | D:3      | Found the ring of Shadows {Umbra +Inv Stlth+}
  2477 | D:3      | Noticed an ogre
  2554 | D:3      | Killed an ogre
  2555 | D:3      | Reached XP level 6. HP: 25/44 MP: 2/13
  3090 | D:3      | Found a runed translucent door.
  3090 | D:3      | Noticed a human
  3095 | D:3      | Found a basalt altar of Yredelemnul.
  3108 | D:3      | Reached skill level 5 in Dodging
  3180 | D:3      | Killed a human
  3181 | D:3      | Reached XP level 7. HP: 42/50 MP: 15/15
  3262 | D:3      | Found a white marble altar of Elyvilon.
  3614 | D:4      | Noticed Eustachio
  3642 | D:4      | Killed Eustachio
  3825 | D:4      | Reached skill level 5 in Stealth
  4316 | D:4      | Reached XP level 8. HP: 41/57 MP: 11/16
  4967 | D:5      | Entered Level 5 of the Dungeon
  4967 | D:5      | Noticed Grinder
  4967 | D:5      | Found a sand-covered staircase.
  4969 | D:5      | Noticed Duvessa
  5105 | D:5      | Noticed Dowan
  5414 | D:4      | Paralysed by Grinder for 7 turns
  5454 | D:4      | Killed Grinder
  5590 | D:5      | Killed Duvessa
  5598 | D:5      | Killed Dowan
  5599 | D:5      | Reached XP level 9. HP: 41/65 MP: 12/18
  5865 | D:5      | Identified the ring "Ledghito" {rF+ rC+ Will+ MP+9 Slay+4}
  5875 | D:5      | Noticed Blork the orc
  5901 | D:5      | Killed Blork the orc
  5989 | D:5      | Identified the +4 war axe of Koxo {vorpal, rF+ rC+ SInv}
  6201 | D:5      | Found a radiant altar of Vehumet.
  6285 | D:5      | Found an ornate altar of the Wu Jian Council.
  6571 | D:6      | Found Etoemm's Antique Armour Emporium.
  6597 | D:6      | Noticed a two-headed ogre
  6610 | D:6      | Killed a two-headed ogre
  6620 | D:6      | Reached skill level 5 in Invocations
  6746 | D:2      | Bought a pair of embroidered boots for 157 gold pieces
  6746 | D:2      | Bought a shiny buckler for 157 gold pieces
  6878 | D:6      | Found a snail-covered altar of Cheibriados.
  6891 | D:6      | Became a worshipper of Cheibriados the Contemplative
  7366 | D:6      | Found a shimmering blue altar of Sif Muna.
  7398 | D:7      | Reached XP level 10. HP: 73/73 MP: 20/20
  7620 | D:7      | Found an opulent altar of Gozag.
  7684 | D:7      | Found a sparkling altar of Nemelex Xobeh.
  7719 | D:7      | Reached * piety under Cheibriados
  7761 | D:7      | Found a staircase to the Ecumenical Temple.
  7878 | D:7      | Reached skill level 5 in Fighting
  7878 | D:7      | Reached skill level 5 in Short Blades
  7878 | D:7      | Reached skill level 5 in Long Blades
  7878 | D:7      | Reached skill level 5 in Axes
  7878 | D:7      | Reached skill level 5 in Maces & Flails
  7878 | D:7      | Reached skill level 5 in Polearms
  7878 | D:7      | Reached skill level 5 in Staves
  7878 | D:7      | Reached skill level 5 in Slings
  7878 | D:7      | Reached skill level 5 in Bows
  7878 | D:7      | Reached skill level 5 in Crossbows
  7878 | D:7      | Reached skill level 5 in Throwing
  7878 | D:7      | Reached skill level 5 in Armour
  7878 | D:7      | Reached skill level 5 in Shields
  7878 | D:7      | Reached skill level 5 in Unarmed Combat
  7878 | D:7      | Reached skill level 5 in Evocations
  7929 | D:7      | Found Tebeti's Book Emporium.
  8206 | D:7      | Found a blossoming altar of Fedhas.
  8964 | D:8      | Found a staircase to the Lair.
  9019 | D:8      | Reached ** piety under Cheibriados
  9261 | D:8      | Reached XP level 11. HP: 66/81 MP: 22/22
  9412 | D:8      | Reached skill level 5 in Conjurations
  9412 | D:8      | Reached skill level 5 in Hexes
  9412 | D:8      | Reached skill level 5 in Necromancy
  9412 | D:8      | Reached skill level 5 in Translocations
  9412 | D:8      | Reached skill level 5 in Transmutations
  9412 | D:8      | Reached skill level 5 in Fire Magic
  9412 | D:8      | Reached skill level 5 in Ice Magic
  9412 | D:8      | Reached skill level 5 in Air Magic
  9412 | D:8      | Reached skill level 5 in Earth Magic
  9412 | D:8      | Reached skill level 5 in Poison Magic
 10285 | D:9      | Noticed Erolcha
 10292 | D:9      | Reached *** piety under Cheibriados
 10298 | D:9      | Killed Erolcha
 10342 | D:9      | Noticed Pikel
 10360 | D:9      | Killed Pikel
 10906 | D:9      | Reached **** piety under Cheibriados
 10989 | D:9      | Found a glowing golden altar of the Shining One.
 10999 | D:9      | Found a broken altar of Ashenzari.
 11756 | D:10     | Entered Level 10 of the Dungeon
 11756 | D:10     | Noticed a two-headed ogre
 11947 | D:10     | Reached XP level 12. HP: 76/89 MP: 24/24
 11954 | D:10     | Killed a two-headed ogre
 12045 | D:10     | Found an iron altar of Okawaru.
 12160 | D:10     | Found a stormy altar of Qazlal.
 12161 | D:10     | Reached ***** piety under Cheibriados
 12185 | D:10     | Found Jiasecal's Jewellery Boutique.
 12360 | D:10     | Found a burning altar of Makhleb.
 12509 | D:10     | Found a sacrificial altar of Ru.
 12961 | D:11     | Learned a level 4 spell: Summon Lightning Spire
 13002 | D:11     | Noticed Harold
 13028 | D:11     | Killed Harold
 13058 | D:11     | Found a staircase to the Orcish Mines.
 14023 | D:12     | Noticed a two-headed ogre
 14032 | D:12     | Killed a two-headed ogre
 14142 | D:12     | Noticed Nessos
 14173 | D:12     | Killed Nessos
 14408 | D:12     | Noticed a boulder beetle
 14427 | D:12     | Killed a boulder beetle
 14692 | D:12     | Noticed a two-headed ogre
 14699 | D:12     | Killed a two-headed ogre
 14700 | D:12     | Reached XP level 13. HP: 58/98 MP: 26/26
 16386 | D:13     | Identified a scroll of acquirement
 16386 | D:13     | Acquired the +0 pair of boots "Pyficugh" {rN+ Dex+3}
 16431 | D:13     | Reached skill level 10 in Summonings
 17122 | D:14     | Found a gate to the Vaults.
 17281 | D:14     | Noticed Rupert
 17301 | D:14     | Killed Rupert
 17796 | D:15     | Entered Level 15 of the Dungeon
 17955 | D:15     | Reached skill level 10 in Spellcasting
 18268 | D:15     | HP: 4/99 [tengu conjurer/bolt of lightning[a tengu warrior]
                  | (22)]
 18975 | Lair:1   | Entered Level 1 of the Lair of Beasts
 18982 | Lair:1   | Reached ****** piety under Cheibriados
 19236 | Lair:1   | Reached skill level 10 in Dodging
 19312 | Lair:1   | Reached XP level 14. HP: 106/106 MP: 28/28
 19892 | Lair:2   | Noticed Nergalle
 19985 | Lair:1   | Reached skill level 10 in Stealth
 20595 | Lair:2   | Reached skill level 10 in Invocations
 21296 | Lair:2   | Killed Nergalle
 21451 | Lair:2   | Identified the +7 flail of Cimism {antimagic, rC+ Int+3
                  | SInv}
 21458 | Lair:2   | You fall into a shaft and drop 1 floor!
 21672 | Lair:3   | Found a hole to the Spider Nest.
 22377 | Lair:4   | Found a staircase to the Swamp.
 22499 | Lair:4   | Identified the +5 ring mail "Kaqonk" {rElec rF++ Str+3}
 23359 | Lair:5   | Noticed Urug
 23372 | Lair:5   | Killed Urug
 23383 | Lair:5   | Identified the +7 morningstar of Demonkind {venom, rElec
                  | rN+ Int-3}
 24585 | Lair:6   | Entered Level 6 of the Lair of Beasts
 24601 | Lair:6   | Reached XP level 15. HP: 67/115 MP: 22/29
 25020 | Lair:6   | Reached skill level 10 in Fighting
 25020 | Lair:6   | Reached skill level 10 in Short Blades
 25020 | Lair:6   | Reached skill level 10 in Long Blades
 25020 | Lair:6   | Reached skill level 10 in Axes
 25020 | Lair:6   | Reached skill level 10 in Maces & Flails
 25020 | Lair:6   | Reached skill level 10 in Polearms
 25020 | Lair:6   | Reached skill level 10 in Staves
 25020 | Lair:6   | Reached skill level 10 in Slings
 25020 | Lair:6   | Reached skill level 10 in Bows
 25020 | Lair:6   | Reached skill level 10 in Crossbows
 25020 | Lair:6   | Reached skill level 10 in Throwing
 25020 | Lair:6   | Reached skill level 10 in Armour
 25020 | Lair:6   | Reached skill level 10 in Shields
 25020 | Lair:6   | Reached skill level 10 in Unarmed Combat
 25020 | Lair:6   | Reached skill level 10 in Evocations
 25533 | Lair:6   | Found a staircase to the Slime Pits.
 25534 | Lair:6   | Found a viscous altar of Jiyva.
 26087 | Lair:6   | Identified the +5 long sword "Hulaf" {protect, Dex+3}
 26095 | Lair:6   | Got the Reference Book on the Mutagenic Frostbite
 26111 | Lair:6   | Learned a level 6 spell: Statue Form
 26783 | Lair:6   | Found a glowing golden altar of the Shining One.
 27374 | D:15     | Found a staircase to the Depths.
 27953 | D:15     | Reached XP level 16. HP: 100/123 MP: 31/31
 28367 | Swamp:1  | Entered Level 1 of the Swamp
 28552 | Orc:1    | Entered Level 1 of the Orcish Mines
 28598 | Orc:1    | Noticed Jorgrun
 28614 | Orc:1    | Killed Jorgrun
 29022 | Orc:2    | Entered Level 2 of the Orcish Mines
 29065 | Orc:2    | Noticed Saint Roka
 29091 | Orc:2    | Killed Saint Roka
 29430 | Orc:2    | Found Gogoint's Distillery.
 29443 | Orc:2    | Bought a potion of curing for 39 gold pieces
 29443 | Orc:2    | Bought a potion of mutation for 104 gold pieces
 29711 | Orc:2    | Found Camioth's Antique Armour Shop.
 30267 | Orc:2    | Found Kelosku's Jewellery Shoppe.
 30490 | Orc:2    | Found Betes's General Store.
 30558 | Orc:2    | Bought a wand of digging (6) for 280 gold pieces
 30727 | Orc:2    | Found a staircase to the Elven Halls.
 33059 | Swamp:2  | Noticed Nikola
 33075 | Swamp:2  | Killed Nikola
 33580 | Swamp:2  | Reached XP level 17. HP: 96/131 MP: 33/33
 35528 | Swamp:4  | Entered Level 4 of the Swamp
 35633 | Swamp:4  | Noticed Louise
 35653 | Swamp:4  | Killed Louise
 35663 | Swamp:4  | Noticed Roxanne
 36282 | Swamp:4  | Reached skill level 10 in Conjurations
 36282 | Swamp:4  | Reached skill level 10 in Hexes
 36282 | Swamp:4  | Reached skill level 10 in Necromancy
 36282 | Swamp:4  | Reached skill level 10 in Translocations
 36282 | Swamp:4  | Reached skill level 10 in Transmutations
 36282 | Swamp:4  | Reached skill level 10 in Fire Magic
 36282 | Swamp:4  | Reached skill level 10 in Ice Magic
 36282 | Swamp:4  | Reached skill level 10 in Air Magic
 36282 | Swamp:4  | Reached skill level 10 in Earth Magic
 36282 | Swamp:4  | Reached skill level 10 in Poison Magic
 36326 | Swamp:4  | Noticed a bone dragon
 36895 | Swamp:4  | Killed a bone dragon
 37148 | Swamp:4  | Got a decaying rune of Zot
 37336 | Spider:1 | Entered Level 1 of the Spider Nest
 37937 | D:10     | Bought an amulet of reflection for 360 gold pieces
 38139 | Spider:1 | You fall into a shaft and drop 1 floor!
 38162 | Spider:2 | Learned a level 2 spell: Wereblood
 38168 | Spider:2 | Found a frozen archway.
 38184 | IceCv    | Entered an ice cave
 38387 | IceCv    | Annihilated by a titanic slime creature

Illustrated notes

Levels and vault maps discovered:
D:1:      minmay_arrival_up_and_down, layout_basic,
          ebering_ecumenical_altar_sacrificial
D:2:      wad_pebble_path, layout_basic, basic_altar, serial_shops,
          nicolae_shop_crystal, grunt_decor_fettered, minmay_pentomino_v4
D:3:      layout_rooms, dk_yredelemnul_ordeal, nicolae_elyvilon_peaceful_grove,
          hex_tiny, roderic_batcave
D:4:      layout_loops_ring, minmay_pentangle, uniq_eustachio
D:5:      layout_cave_pools, mainiacjoe_overflow_alcove_4,
          mainiacjoe_overflow_cross_hatched, enter_ossuary_1, uniq_duvessa,
          uniq_grinder, uniq_blork_the_orc
D:6:      layout_cave_pools, led_sif_pool, kennysheep_slug_shrine, serial_shops,
          nicolae_shop_statue_plus, kennysheep_potato
D:7:      layout_loops_ring, mainiacjoe_overflow_24_doors,
          nicolae_gozag_seed_capital, kennysheep_little_box,
          minmay_temple_entry_drinking_statues, serial_shops,
          nicolae_stop_n_shop_2
D:8:      layout_cave_pods, minmay_lair_entry_grove
D:9:      layout_loops_corners, tso_oasis_becter, kennysheep_mini,
          nicolae_wwwww, minmay_increasing_density, uniq_pikel, uniq_erolcha
D:10:     layout_loops_cross, mainiacjoe_overflow_alcove_2,
          nicolae_qazlal_eye_of_the_storm, kennysheep_mini_moat,
          general_overflow_altar, serial_shops,
          nicolae_shop_temple_entry_statues_fountains
D:11:     layout_stronghold, orc_0_dummy, uniq_harold
D:12:     layout_long_grid, uniq_nessos
D:13:     nrook_guardian_serpent_snake_passage, layout_irregular_city,
          hangedman_abyss_or_decor_passed
D:14:     layout_roguey, david_vaults_2, nrook_campfire, uniq_rupert
D:15:     hangedman_depths_entry_try_elsewhere_first, layout_gridville,
          chequers_serial_rivers_micro_d
Lair:1:   layout_concentric_octagons, grunt_forest_small_clearing_treed
Lair:2:   layout_loops_ring, enter_volcano_2, beast_lair_carwin_9, uniq_nergalle
Lair:3:   wander_river, layout_cave_shapes, dummy_spider_entry
Lair:4:   layout_small_grid, minmay_swamp_entry_swarm, columned_hall_lemuel,
          worms_lemuel
Lair:5:   layout_layer_cave, uniq_urug
Lair:6:   guppyfry_lair_end_dragon, layout_long_grid,
          hangedman_lair_caniforms_friends, slime_altar_1, basic_altar,
          grunt_megastairs_4, lemuel_fruit_fields
Swamp:1:  layout_falls_marsh, serial_swamp_ruin, evilmike_swamp_ruin_house_1,
          evilmike_swamp_ruin_house_5
Swamp:2:  layout_basic_swamp, evilmike_swamp_ruin_house_2, uniq_nikola
Swamp:3:  nicolae_swamp_decorative_isthmus, layout_basic_swamp,
          hangedman_swamp_cone, swamp_pool2
Swamp:4:  swamp_pestilence, layout_basic_swamp, uniq_roxanne, uniq_louise
Spider:1: layout_spider_delve, special_room [special_room_bee],
          ebering_ghost_rock_garden
Spider:2: nicolae_spider_hilbert_zone_1 [nicolae_spider_hilbert_4_sides_1_open,
          nicolae_spider_hilbert_4_sides_1_open,
          nicolae_spider_hilbert_4_sides_1_open,
          nicolae_spider_hilbert_4_sides_1_open,
          nicolae_spider_hilbert_3_sides_1_open,
          nicolae_spider_hilbert_3_sides_1_open,
          nicolae_spider_hilbert_3_sides_1_open,
          nicolae_spider_hilbert_3_sides_1_open,
          nicolae_spider_hilbert_3_sides_1_open,
          nicolae_spider_hilbert_6_sides_1_open,
          nicolae_spider_hilbert_6_sides_1_open,
          nicolae_spider_hilbert_3_sides_1_open,
          nicolae_spider_hilbert_3_sides_1_open,
          nicolae_spider_hilbert_3_sides_1_open,
          nicolae_spider_hilbert_3_sides_1_open,
          nicolae_spider_hilbert_2_sides_1_open],
          portal_ice_cave_entry_pillars_1, nicolae_spider_nooks_and_crannies
Orc:1:    layout_caves, basic_altar, uniq_jorgrun
Orc:2:    pubby_orc_utopia, serial_shops, uniq_saint_roka
IceCv:    ice_cave_hellmonk_azure_passage

Skill      XL: |  1  2  3  4  5  6  7  8  9 10 11 12 13 14 15 16 17 |
---------------+----------------------------------------------------+-----
Spellcasting   | 5 6 7 8 9 10 11 12 13 | 13.0
Invocations    | 1 2 3 4 5 6 7 8 9 10 11 12 13 | 13.1
Fighting       | 1 2 3 4 5 6 7 8 9 10 11 12 | 12.0
Short Blades   | 1 2 3 4 5 6 7 8 9 10 11 12 | 12.0
Long Blades    | 1 2 3 4 5 6 7 8 9 10 11 12 | 12.0
Axes           | 1 2 3 4 5 6 7 8 9 10 11 12 | 12.0
Maces & Flails | 1 2 3 4 5 6 7 8 9 10 11 12 | 12.0
Polearms       | 1 2 3 4 5 6 7 8 9 10 11 12 | 12.0
Staves         | 1 2 3 4 5 6 7 8 9 10 11 12 | 12.0
Slings         | 1 2 3 4 5 6 7 8 9 10 11 12 | 12.0
Bows           | 1 2 3 4 5 6 7 8 9 10 11 12 | 12.0
Crossbows      | 1 2 3 4 5 6 7 8 9 10 11 12 | 12.0
Throwing       | 1 2 3 4 5 6 7 8 9 10 11 12 | 12.0
Armour         | 1 2 3 4 5 6 7 8 9 10 11 12 | 12.0
Shields        | 1 2 3 4 5 6 7 8 9 10 11 12 | 12.0
Unarmed Combat | 1 2 3 4 5 6 7 8 9 10 11 12 | 12.0
Evocations     | 1 2 3 4 5 6 7 8 9 10 11 12 | 12.0
Conjurations   | 1 2 3 4 5 6 7 8 9 10 | 10.2
Hexes          | 1 2 3 4 5 6 7 8 9 10 | 10.2
Necromancy     | 1 2 3 4 5 6 7 8 9 10 | 10.2
Translocations | 1 2 3 4 5 6 7 8 9 10 | 10.2
Transmutations | 1 2 3 4 5 6 7 8 9 10 | 10.2
Fire Magic     | 1 2 3 4 5 6 7 8 9 10 | 10.2
Ice Magic      | 1 2 3 4 5 6 7 8 9 10 | 10.2
Air Magic      | 1 2 3 4 5 6 7 8 9 10 | 10.2
Earth Magic    | 1 2 3 4 5 6 7 8 9 10 | 10.2
Poison Magic   | 1 2 3 4 5 6 7 8 9 10 | 10.2
Dodging        | 5 6 7 8 9 10 11 12 | 12.8
Stealth        | 5 6 7 8 9 10 11 12 | 12.7
Summonings     | 8 9 10 11 12 | 12.3

Action                   |  1- 3 |  4- 6 |  7- 9 | 10-12 | 13-15 | 16-18 || total
-------------------------+-------+-------+-------+-------+-------+-------++-------
Melee: Dagger            |    51 |    67 |   225 |     9 |       |       ||   352
       Unarmed           |     3 |       |       |       |       |       ||     3
       Bite              |     3 |     7 |    24 |    74 |   107 |   146 ||   361
       Punch             |       |     1 |     8 |       |       |       ||     9
       Spear             |       |       |       |   412 |       |       ||   412
       War axe           |       |       |       |    78 |   525 |       ||   603
       Morningstar       |       |       |       |     9 |   184 |   829 ||  1022
Throw: Throwing net      |       |       |       |       |     2 |     5 ||     7
       Stone             |       |       |       |       |       |     2 ||     2
       Boomerang         |       |       |       |       |       |    14 ||    14
       Javelin           |       |       |       |       |       |     7 ||     7
 Cast: Summon Small Mamm |    30 |    13 |    35 |    57 |    51 |     5 ||   191
       Call Canine Famil |     3 |     6 |    26 |    49 |    61 |    16 ||   161
       Call Imp          |     2 |     5 |    20 |    37 |    49 |    11 ||   124
       Summon Guardian G |       |     2 |    14 |    28 |    51 |    18 ||   113
       Summon Lightning  |       |       |       |     9 |    40 |    17 ||    66
       Statue Form       |       |       |       |       |     2 |    24 ||    26
Invok: Slouch            |       |       |       |       |     3 |    19 ||    22
 Abil: End Transformatio |       |       |       |       |       |     1 ||     1
Evoke: Wand              |       |       |       |     3 |    12 |    50 ||    65
  Use: Scroll            |       |     3 |     1 |    12 |    16 |     7 ||    39
       Potion            |       |     1 |     6 |       |     3 |     4 ||    14
 Stab: Sleeping          |     4 |     4 |    14 |    14 |    16 |    18 ||    70
       Distracted        |       |     1 |     2 |    13 |    27 |     8 ||    51
       Paralysed         |       |       |       |     4 |       |       ||     4
       Held in net/web   |       |       |       |       |     2 |     6 ||     8
       Confused          |       |       |       |       |       |     2 ||     2
Armor: Robe              |    10 |     9 |    32 |       |       |       ||    51
       Skin              |       |    17 |   130 |       |     3 |   254 ||   404
       Leather armour    |       |       |    16 |   105 |   108 |       ||   229
       Ring mail         |       |       |       |       |   151 |   180 ||   331
Dodge: Dodged            |    47 |    54 |   243 |   351 |   959 |  1402 ||  3056
Block: Buckler           |       |       |     6 |   206 |   572 |   804 ||  1588

Table legend: (Time is in decaauts)
 A = Elapsed time spent in this place.
 B = Non-inter-level travel time spent in this place.
 C = Inter-level travel time spent in this place.
 D = Time resting spent in this place.
 E = Time spent auto-exploring this place.
 F = Levels seen in this place.
 G = Mean time per level.
                   A        B        C        D        E       F      G
               +--------+--------+--------+--------+--------+-----+--------+
         Total |  53792 |  49125 |   4667 |   4115 |  35438 |  30 | 1793.1 |
       Dungeon |  26132 |  23326 |   2806 |   1994 |  17240 |  15 | 1742.1 |
          Lair |  14178 |  12792 |   1386 |   1313 |   9335 |   6 | 2363.0 |
         Swamp |   8570 |   8259 |    311 |    673 |   5512 |   4 | 2142.5 |
   Spider Nest |    149 |    149 |      0 |      0 |     16 |   2 |   74.5 |
  Orcish Mines |   4464 |   4302 |    162 |    100 |   3191 |   2 | 2232.0 |
      Ice Cave |    297 |    297 |      0 |     33 |    142 |   1 |  297.0 |
               +--------+--------+--------+--------+--------+-----+--------+

Top non-repeatable levels by time:
   Orc:2: 3100 daAuts
  Lair:6: 3079 daAuts
 Swamp:4: 2716 daAuts
  Lair:5: 2650 daAuts
     D:9: 2640 daAuts
     D:8: 2615 daAuts
 Swamp:2: 2602 daAuts
    D:12: 2442 daAuts
  Lair:3: 2246 daAuts
  Lair:1: 2134 daAuts
  Lair:2: 2133 daAuts
    D:11: 2061 daAuts
     D:4: 2035 daAuts
    D:14: 2006 daAuts
    D:15: 1984 daAuts
